 Dungeon Crawl Stone Soup version 0.31-a0-66-ge618eeaa78 (webtiles) character file.

Game seed: 15294762598766886977

907 senseless the Insei (level 7, -3/79 HPs)
             Began as a Demonspawn Transmuter on May 22, 2023.
             Was an Initiate of Ru.
             Slain by an orc priest
             ... wielding a +3 trident
              (5 damage)
             ... on level 5 of the Dungeon.
             The game lasted 00:14:22 (4678 turns).

senseless the Insei (Demonspawn Transmuter)         Turns: 4678, Time: 00:14:23

Health: -3/79      AC: 23    Str: 10    XL:     7   Next: 81%
Magic:  13/13      EV:  2    Int: 14    God:    Ru [......]
Gold:   245        SH:  0    Dex: 19    Spells: 7/14 levels left

rFire   + . .        d - +1 long sword (freeze)
rCold   . . .        (no shield)
rNeg    . . .        c - melded +0 leather armour
rPois   +            k - melded +2 helmet
rElec   .            (cloak currently unavailable)
rCorr   .            (gloves currently unavailable)
SInv    .            (boots currently unavailable)
Will    +....        (no amulet)
Stlth   ++           e - ring of Byxkut {rF+ Will+ Dex+3}
HPRegen 0.33/turn    r - ring of wizardry
MPRegen 0.13/turn

%: wizardry (x1)
@: tree-form
A: stationary, stasis, torment immunity, boosted hp, (sturdy frame 3), (demonic
touch 1)
a: Renounce Religion


You were on level 5 of the Dungeon.
You worshipped Ru.
Ru was noncommittal.
You were a tree.
You visited 2 branches of the dungeon, and saw 7 of its levels.

You collected 245 gold pieces.

Inventory:

Hand Weapons
 d - a +1 long sword of freezing (weapon)
 s - a +0 orcbow
Missiles
 f - 2 curare-tipped darts
Armour
 c - a +0 leather armour (melded)
 k - a +2 helmet (melded)
 q - the orb of the Bulwark {mayhem, rElec rN+ Dex-4 SInv}
   (You took it off a kobold on level 4 of the Dungeon)

   Dex:       It affects your dexterity (-4).
   rElec:     It insulates you from electricity.
   rN:        It protects you from negative energy.
   SInv:      It lets you see invisible.
Jewellery
 e - the ring of Byxkut (left branch) {rF+ Will+ Dex+3}
   (You acquired it on level 2 of the Dungeon)

   [ring of protection from fire]

   Dex:       It affects your dexterity (+3).
   rF:        It protects you from fire.
   Will:      It increases your willpower.
 r - a ring of wizardry (right branch)
Wands
 a - a wand of polymorph (7)
 g - a wand of roots (14)
 h - a wand of mindburst (21)
 j - a wand of charming (12)
Potions
 b - a potion of lignification
 i - a potion of magic
 l - 4 potions of brilliance
 m - 2 potions of enlightenment
 n - a potion of attraction
 o - a potion of cancellation
 p - a potion of curing {unknown}


   Skills:
 + Level 3.7 Fighting
 + Level 3.8 Dodging
 + Level 4.3 Unarmed Combat
 + Level 4.0 Spellcasting
 + Level 3.8 Transmutations
 + Level 1.9 Ice Magic


You had 7 spell levels left.
You knew the following spells:

 Your Spells              Type           Power      Damage    Failure   Level
a - Beastly Appendage     Tmut           26%        N/A       1%          1
b - Wereblood             Tmut           13%        N/A       2%          2
c - Ice Form              Ice/Tmut       9%         N/A       28%         4

Your spell library contained the following spells:

 Spells                   Type           Power      Damage    Failure   Level
 Freeze                   Ice            32%        1d5       3%          1
 Frozen Ramparts          Ice            16%        1d3       11%         3
 Spider Form              Tmut/Pois      6%         N/A       13%         3
 Hailstorm                Conj/Ice       4%         3d4       19%         3


Dungeon Overview and Level Annotations

Branches:
Dungeon (6/15)             Temple (1/1) D:5

Altars:
Cheibriados
Fedhas
Gozag
Hepliaklqana
Kikubaaqudgha
Makhleb
Nemelex Xobeh
Qazlal
Ru
Uskayaw
Vehumet
Wu Jian
Xom
Yredelemnul


Innate Abilities, Weirdness & Mutations

You are a tree.
Your roots penetrate the ground, keeping you stationary.
You cannot be teleported.
You are immune to unholy pain and torment.
Your maximum health is greatly increased.
Your equipment is partially melded.
((Your movements are significantly less encumbered by armour. (ER -6)))
((Your touch may inflict minor irresistible damage on your foes.))


Message History

Your +2 helmet unmelds from your body.
You turn into a tree.
Your +2 helmet melds into your body.
Your +0 leather armour melds into your body.
Your roots penetrate the ground.
The orc hits you but does no damage.
The orc priest hits you but does no damage.
The orc hits you but does no damage.
You hit the orc priest. You freeze the orc priest.
The orc priest is moderately wounded.
The orc hits you but does no damage.
The orc priest hits you but does no damage.
The orc hits you with a +0 mace.
* * * LOW HITPOINT WARNING * * *
The orc hits you but does no damage.
The orc priest hits you with a +3 trident.
* * * LOW HITPOINT WARNING * * *
The orc completely misses you.
You closely miss the orc priest.
The orc priest is moderately wounded.
The orc hits you with a +0 hand axe.
* * * LOW HITPOINT WARNING * * *
The orc priest miscasts a cantrip.
The orc hits you but does no damage.
Okay, then.
You barely miss the orc priest.
The orc priest is moderately wounded.
The orc hits you but does no damage.
The orc priest hits you but does no damage.
The orc hits you but does no damage.
You hit the orc priest. You freeze the orc priest.
The orc priest is severely wounded.
The orc hits you but does no damage.
The orc priest hits you but does no damage.
The orc hits you but does no damage. The orc hits you with a +0 hand axe.
* * * LOW HITPOINT WARNING * * *
The orc priest hits you but does no damage.
The orc hits you but does no damage.
s - a +0 orcbow The orc hits you but does no damage.
The orc priest hits you with a +3 trident.
You die...

.#### ##+# ....#
##...## ..#[#
##.....## # #.#..#.
##.......## .#......
#.........####...#.#
+.........'..oo...#
#.........####♣o.##
#.......## ##..#
##.....## #.#
##.....# .# ##+##.##
# #..# ####''####
#≈§≈..§≈≈#
#≈≈≈§.≈≈≈#


You could see an orc priest and 2 orcs.

Vanquished Creatures
  A black bear (D:5)
  2 ogres
  A centaur (D:5)
  A phantom (D:5)
  A scorpion (D:5)
  A howler monkey (D:4)
  4 hounds
  2 iguanas (D:5)
  2 orc wizards (D:4)
  Robin (D:4)
  4 gnolls (D:4)
  2 adders
  A white imp (D:5)
  4 worms
  5 orcs
  7 ball pythons
  7 endoplasms
  A giant cockroach (D:1)
  16 goblins
  6 hobgoblins
  8 jackals (D:2)
  4 kobolds
  5 quokkas
  5 bats
  5 frilled lizards
  8 rats
104 creatures vanquished.

Notes
Turn   | Place    | Note
-------+----------+-------------------------------------------
     0 | D:1      | senseless the Demonspawn Transmuter began the quest for the
                  | Orb.
     0 | D:1      | Reached XP level 1. HP: 15/15 MP: 3/3
   238 | D:1      | Gained mutation: Your movements are slightly less
                  | encumbered by armour. (ER -2) [demonic ancestry]
   238 | D:1      | Reached XP level 2. HP: 19/21 MP: 3/5
   936 | D:1      | Learned a level 2 spell: Wereblood
  1069 | D:2      | Reached XP level 3. HP: 25/25 MP: 2/6
  1945 | D:2      | Identified a scroll of acquirement
  1945 | D:2      | Acquired the ring of Byxkut {rF+ Will+ Dex+3}
  1963 | D:3      | Reached XP level 4. HP: 33/33 MP: 5/7
  2092 | D:3      | Found a basalt altar of Yredelemnul.
  2572 | D:4      | Found a hide-covered altar of Uskayaw.
  2573 | D:4      | Noticed Robin
  2586 | D:4      | HP: 2/49 [Robin/goblin (3)]
  2591 | D:4      | HP: 2/49 [hobgoblin[Robin] (2)]
  2599 | D:4      | HP: 2/49 [Robin/+0 dagger (2)]
  2601 | D:4      | Killed Robin
  2748 | D:4      | Gained mutation: Your movements are less encumbered by
                  | armour. (ER -4) [demonic ancestry]
  2748 | D:4      | Reached XP level 5. HP: 37/38 MP: 9/9
  3352 | D:4      | Identified the orb of the Bulwark {mayhem, rElec rN+ Dex-4
                  | SInv}
  3369 | D:4      | Noticed an ogre
  3376 | D:4      | Killed an ogre
  3377 | D:4      | Gained mutation: Your movements are significantly less
                  | encumbered by armour. (ER -6) [demonic ancestry]
  3377 | D:4      | Reached XP level 6. HP: 36/46 MP: 8/11
  3435 | D:4      | Learned a level 4 spell: Ice Form
  3654 | D:5      | Entered Level 5 of the Dungeon
  3940 | D:5      | Found a staircase to the Ecumenical Temple.
  3963 | Temple   | Entered the Ecumenical Temple
  4115 | Temple   | Became a worshipper of Ru the Awakened
  4246 | D:5      | Gained mutation: Your touch may inflict minor irresistible
                  | damage on your foes. [demonic ancestry]
  4246 | D:5      | Reached XP level 7. HP: 42/52 MP: 10/12
  4303 | D:5      | Reached skill level 1 in Ice Magic
  4524 | D:5      | You fall into a shaft and drop 1 floor!
  4675 | D:5      | HP: 3/79 [orc/+0 hand axe (2)]
  4677 | D:5      | HP: 1/79 [orc/+0 hand axe (3)]
  4678 | D:5      | Slain by an orc priest

Illustrated notes

Levels and vault maps discovered:
D:1:      minmay_arrival_checkered_box, layout_basic
D:2:      layout_loops_ring, basic_altar
D:3:      layout_basic, nicolae_overflow_hidden_temple, elyvilon_altar_1
D:4:      layout_loops_cross, amcnicky_altar_gilded, uniq_robin
D:5:      layout_loops_corners, minmay_temple_entry_hall,
          kennysheep_generic_room_5
D:6:      minmay_general_purpose_star, layout_loops_ring, serial_shops,
          nicolae_stop_n_shop_1, roderic_three_in_a_row
Temple:   dshaligram_water_room_temple

Skill      XL: |  1  2  3  4  5  6  7 |
---------------+----------------------+-----
Dodging        | 2 3 |  3.8
Transmutations | 2 3 |  3.8
Unarmed Combat | 3 4 |  4.3
Fighting       | 2 3 |  3.7
Spellcasting   | 3 4 |  4.0
Ice Magic      | 1 |  1.9

Action                     |  1- 3 |  4- 6 |  7- 9 || total
---------------------------+-------+-------+-------++-------
  Melee: Unarmed           |    38 |       |       ||    38
         Kick              |    24 |    25 |     9 ||    58
         Long sword        |    68 |    96 |    33 ||   197
         Headbutt          |    11 |    10 |     6 ||    27
         Punch             |     1 |     1 |       ||     2
         Touch             |       |       |     4 ||     4
   Cast: Beastly Appendage |    40 |    28 |     3 ||    71
         Wereblood         |     1 |     1 |       ||     2
    Use: Scroll            |     6 |     8 |       ||    14
         Potion            |       |     2 |     2 ||     4
   Stab: Sleeping          |     2 |     3 |       ||     5
 Armour: Robe              |     8 |       |       ||     8
         Leather armour    |    24 |    26 |     6 ||    56
         Skin              |       |    11 |    16 ||    27
  Dodge: Dodged            |    76 |    96 |    43 ||   215

Table legend: (Time is in decaauts)
 A = Elapsed time spent in this place.
 B = Non-inter-level travel time spent in this place.
 C = Inter-level travel time spent in this place.
 D = Time resting spent in this place.
 E = Time spent auto-exploring this place.
 F = Levels seen in this place.
 G = Mean time per level.
                   A        B        C        D        E       F      G
               +--------+--------+--------+--------+--------+-----+--------+
         Total |   4800 |   4602 |    198 |    166 |   3550 |   7 |  685.7 |
       Dungeon |   4627 |   4489 |    138 |    166 |   3450 |   6 |  771.2 |
        Temple |    172 |    112 |     60 |      0 |    100 |   1 |  172.0 |
               +--------+--------+--------+--------+--------+-----+--------+

Top non-repeatable levels by time:
     D:4: 1062 daAuts
     D:2: 1038 daAuts
     D:1: 938 daAuts
     D:5: 854 daAuts
     D:3: 709 daAuts
  Temple: 172 daAuts
     D:6: 24 daAuts
